[ AOE2 MATCH · #505848529 ]
UnrankedMongols vs Khitans
Player's team · LOSS
Rival team · WIN
[ REPLAY ANALYSIS · EXTRACTED FROM THE RECORDED GAME ]
Feudal
12:11
Castle
18:02
Imperial
—
| APM avg | 42.7 |
| APM peak | 71 |
| eAPM avg | 18.1 |
| Villagers / military | 72 / 71 |
Focus
⚔️ 35.9% · 🌾 64.1%
Steppe Lancer ×56 · Militia ×5 · Scorpion ×4 · Camel Scout ×4 · Monk ×1 · Mangonel ×1
Feudal
9:52
Castle
20:37
Imperial
—
| APM avg | 48.9 |
| APM peak | 111 |
| eAPM avg | 22.2 |
| Villagers / military | 79 / 63 |
Focus
⚔️ 47.1% · 🌾 52.9%
Cavalry Archer ×59 · Scout Cavalry ×3 · Iron Pagoda ×1
Match map
Initial resources + every placement click. Lines = walls · curves = elevation contours. ◆ gold · ⬟ stone · ● berries · ✦ relic · ◌ wall gap
Your base· ✓ Closed at 18:02 · 66t walls · 1 gate(s)
[AirBo]空氣包's base· ✓ Closed at 20:37 · 32t walls · 3 gate(s)
Smoothed initial terrain · ◌ = detected wall gap · hover for details
Inputs per minute
— SaintedByArmor - - [AirBo]空氣包
Build order — SaintedByArmor
First 150 of 243 actions detected
| 0:00 | Create | Villager (Male) |
| 0:00 | Create | Villager (Male) |
| 0:02 | Build | House |
| 0:02 | Build | House |
| 0:16 | Create | Villager (Male) |
| 0:17 | Create | Villager (Male) |
| 0:17 | Create | Villager (Male) |
| 1:35 | Create | Villager (Male) |
| 2:03 | Create | Villager (Male) |
| 2:03 | Create | Villager (Male) |
| 2:33 | Build | House |
| 2:55 | Create | Villager (Male) |
| 2:55 | Create | Villager (Male) |
| 3:25 | Create | Villager (Male) |
| 4:04 | Create | Villager (Male) |
| 4:05 | Create | Villager (Male) |
| 4:08 | Build | Barracks |
| 4:11 | Build | Palisade Wall |
| 4:12 | Build | Palisade Wall |
| 4:14 | Build | Palisade Wall |
| 4:37 | Build | House |
| 4:58 | Create | Villager (Male) |
| 5:07 | Create | Militia |
| 5:07 | Create | Militia |
| 5:08 | Create | Militia |
| 5:14 | Build | Mill |
| 5:45 | Create | Villager (Male) |
| 5:45 | Create | Villager (Male) |
| 5:46 | Create | Villager (Male) |
| 5:50 | Create | Militia |
| 5:57 | Build | Palisade Wall |
| 5:58 | Build | Palisade Wall |
| 5:59 | Build | Palisade Wall |
| 5:59 | Build | Palisade Wall |
| 6:00 | Build | Palisade Wall |
| 6:01 | Build | Palisade Wall |
| 6:02 | Build | Palisade Wall |
| 6:20 | Create | Militia |
| 6:36 | Build | House |
| 6:54 | Create | Villager (Male) |
| 7:18 | Create | Villager (Male) |
| 7:26 | Create | Villager (Male) |
| 7:31 | Build | Lumber Camp |
| 7:41 | Create | Villager (Male) |
| 8:04 | Create | Villager (Male) |
| 8:05 | Build | House |
| 8:35 | Create | Villager (Male) |
| 8:41 | Create | Villager (Male) |
| 8:48 | Build | Palisade Wall |
| 8:49 | Build | Palisade Wall |
| 8:49 | Build | Palisade Wall |
| 8:50 | Build | Palisade Wall |
| 8:50 | Build | Palisade Wall |
| 8:52 | Build | Palisade Wall |
| 8:54 | Build | Palisade Wall |
| 9:49 | Create | Villager (Male) |
| 9:55 | Build | House |
| 9:58 | Build | Palisade Wall |
| 9:59 | Build | Palisade Wall |
| 10:01 | Research | Feudal Age |
| 10:08 | Build | House |
| 10:09 | Build | Palisade Wall |
| 10:15 | Build | Palisade Wall |
| 10:17 | Build | Palisade Wall |
| 10:22 | Build | House |
| 10:24 | Build | Palisade Wall |
| 10:29 | Build | House |
| 10:31 | Build | Palisade Wall |
| 10:35 | Build | House |
| 10:36 | Build | Palisade Wall |
| 10:45 | Build | Farm |
| 10:51 | Build | Farm |
| 10:55 | Build | Palisade Wall |
| 11:20 | Build | Palisade Gate |
| 11:29 | Build | House |
| 11:41 | Build | Farm |
| 11:48 | Create | Villager (Male) |
| 12:11 | Age | Feudal Age |
| 12:13 | Build | Mining Camp |
| 12:33 | Create | Villager (Male) |
| 12:45 | Build | Palisade Wall |
| 12:49 | Build | Palisade Wall |
| 13:05 | Create | Villager (Male) |
| 13:25 | Build | Blacksmith |
| 13:27 | Create | Villager (Male) |
| 13:52 | Research | Loom |
| 14:22 | Create | Villager (Male) |
| 14:27 | Build | Market |
| 14:31 | Build | Market |
| 14:47 | Create | Villager (Male) |
| 14:56 | Build | Farm |
| 15:22 | Research | Castle Age |
| 15:27 | Build | Farm |
| 15:32 | Build | Farm |
| 15:45 | Build | Farm |
| 16:18 | Research | Double-Bit Axe |
| 16:25 | Build | Stable |
| 16:44 | Build | Farm |
| 17:02 | Research | Horse Collar |
| 17:26 | Research | Bloodlines |
| 17:35 | Build | Lumber Camp |
| 17:49 | Build | Farm |
| 17:58 | Create | Villager (Male) |
| 18:02 | Age | Castle Age |
| 18:04 | Create | Steppe Lancer |
| 18:04 | Create | Steppe Lancer |
| 18:33 | Create | Villager (Male) |
| 18:47 | Build | House |
| 18:56 | Create | Steppe Lancer |
| 19:00 | Create | Villager (Male) |
| 19:02 | Build | Farm |
| 19:02 | Build | Farm |
| 19:03 | Build | Farm |
| 19:19 | Create | Villager (Male) |
| 19:29 | Build | Mining Camp |
| 19:45 | Create | Villager (Male) |
| 19:46 | Build | Farm |
| 19:58 | Build | Farm |
| 19:58 | Create | Steppe Lancer |
| 19:59 | Create | Steppe Lancer |
| 20:18 | Build | Farm |
| 20:18 | Create | Villager (Male) |
| 20:38 | Create | Steppe Lancer |
| 20:39 | Create | Steppe Lancer |
| 20:44 | Create | Villager (Male) |
| 20:45 | Create | Steppe Lancer |
| 20:45 | Create | Steppe Lancer |
| 20:51 | Create | Camel Scout |
| 20:52 | Create | Camel Scout |
| 21:01 | Build | Farm |
| 21:03 | Build | Farm |
| 21:04 | Build | Farm |
| 21:08 | Create | Villager (Male) |
| 21:19 | Build | Farm |
| 21:28 | Create | Villager (Male) |
| 21:29 | Create | Steppe Lancer |
| 21:46 | Create | Camel Scout |
| 21:48 | Create | Villager (Male) |
| 21:54 | Build | Farm |
| 22:05 | Create | Camel Scout |
| 22:07 | Create | Steppe Lancer |
| 22:07 | Create | Steppe Lancer |
| 22:09 | Build | Farm |
| 22:10 | Create | Villager (Male) |
| 22:11 | Create | Villager (Male) |
| 22:22 | Build | Siege Workshop |
| 22:40 | Create | Villager (Male) |
| 22:40 | Create | Steppe Lancer |
| 22:41 | Create | Steppe Lancer |
| 22:48 | Create | Steppe Lancer |
Build order — [AirBo]空氣包
First 150 of 237 actions detected
| 0:00 | Create | Villager (Male) |
| 0:01 | Create | Villager (Male) |
| 0:02 | Build | House |
| 0:03 | Build | House |
| 0:14 | Create | Villager (Male) |
| 0:14 | Create | Villager (Male) |
| 1:21 | Create | Villager (Male) |
| 1:21 | Create | Villager (Male) |
| 1:45 | Build | Lumber Camp |
| 1:54 | Create | Villager (Male) |
| 1:54 | Create | Villager (Male) |
| 2:18 | Create | Villager (Male) |
| 2:41 | Create | Villager (Male) |
| 2:41 | Create | Villager (Male) |
| 3:03 | Create | Villager (Male) |
| 3:34 | Create | Villager (Male) |
| 3:34 | Create | Villager (Male) |
| 3:59 | Build | House |
| 4:00 | Build | House |
| 4:23 | Build | Mill |
| 4:39 | Create | Villager (Male) |
| 4:39 | Create | Villager (Male) |
| 4:40 | Create | Villager (Male) |
| 4:40 | Create | Villager (Male) |
| 5:32 | Create | Villager (Male) |
| 5:32 | Create | Villager (Male) |
| 6:04 | Create | Villager (Male) |
| 6:15 | Research | Loom |
| 7:13 | Create | Villager (Male) |
| 7:42 | Research | Feudal Age |
| 9:03 | Build | Palisade Gate |
| 9:06 | Build | Palisade Wall |
| 9:22 | Build | Palisade Gate |
| 9:30 | Create | Villager (Male) |
| 9:36 | Build | Palisade Gate |
| 9:52 | Age | Feudal Age |
| 9:56 | Create | Villager (Male) |
| 10:00 | Build | Barracks |
| 10:10 | Build | Pasture |
| 10:41 | Create | Villager (Male) |
| 10:51 | Build | Stable |
| 11:03 | Create | Villager (Male) |
| 11:25 | Build | House |
| 11:32 | Create | Scout Cavalry |
| 11:33 | Create | Scout Cavalry |
| 11:34 | Create | Villager (Male) |
| 11:44 | Build | House |
| 11:46 | Build | Palisade Wall |
| 11:49 | Research | Double-Bit Axe |
| 11:54 | Build | Pasture |
| 12:04 | Create | Villager (Male) |
| 12:05 | Create | Villager (Male) |
| 12:06 | Build | House |
| 12:07 | Build | Palisade Wall |
| 12:10 | Build | Palisade Wall |
| 12:33 | Create | Villager (Male) |
| 12:40 | Build | Pasture |
| 12:47 | Build | Palisade Wall |
| 12:54 | Build | House |
| 13:07 | Build | Pasture |
| 13:15 | Create | Villager (Male) |
| 13:34 | Build | Pasture |
| 13:36 | Create | Villager (Male) |
| 13:46 | Build | House |
| 13:51 | Build | Palisade Wall |
| 13:53 | Build | Palisade Wall |
| 13:58 | Build | Pasture |
| 14:04 | Build | Mining Camp |
| 14:12 | Create | Villager (Male) |
| 14:17 | Build | House |
| 14:36 | Create | Villager (Male) |
| 14:41 | Build | Pasture |
| 14:52 | Create | Villager (Male) |
| 15:10 | Create | Villager (Male) |
| 15:13 | Build | Pasture |
| 15:30 | Create | Villager (Male) |
| 15:40 | Build | Palisade Wall |
| 15:55 | Build | Watch Tower |
| 15:57 | Create | Villager (Male) |
| 16:03 | Build | Pasture |
| 16:06 | Create | Villager (Male) |
| 16:20 | Build | Mining Camp |
| 16:45 | Create | Villager (Male) |
| 16:54 | Build | Blacksmith |
| 17:12 | Create | Villager (Male) |
| 17:32 | Create | Villager (Male) |
| 17:39 | Build | Archery Range |
| 17:43 | Research | Castle Age |
| 17:51 | Build | Palisade Wall |
| 17:51 | Build | Palisade Wall |
| 17:52 | Build | Palisade Wall |
| 17:56 | Research | Fletching |
| 18:37 | Build | Archery Range |
| 18:49 | Build | Outpost |
| 19:19 | Build | Outpost |
| 19:49 | Research | Padded Archer Armor |
| 19:58 | Research | Tech 1014 |
| 19:59 | Research | Gold Mining |
| 20:03 | Build | House |
| 20:13 | Build | House |
| 20:37 | Age | Castle Age |
| 20:40 | Create | Cavalry Archer |
| 20:40 | Create | Cavalry Archer |
| 20:40 | Create | Cavalry Archer |
| 20:41 | Create | Cavalry Archer |
| 20:41 | Create | Villager (Male) |
| 20:43 | Research | Bodkin Arrow |
| 20:47 | Create | Villager (Male) |
| 20:48 | Research | Husbandry |
| 20:53 | Research | Bow Saw |
| 21:07 | Build | House |
| 21:08 | Build | House |
| 21:10 | Create | Villager (Male) |
| 21:18 | Create | Villager (Male) |
| 21:24 | Create | Cavalry Archer |
| 21:24 | Create | Cavalry Archer |
| 21:35 | Create | Cavalry Archer |
| 21:41 | Create | Villager (Male) |
| 21:52 | Build | House |
| 22:03 | Create | Cavalry Archer |
| 22:03 | Create | Cavalry Archer |
| 22:06 | Build | Outpost |
| 22:23 | Build | House |
| 22:28 | Create | Villager (Male) |
| 22:43 | Create | Villager (Male) |
| 22:45 | Create | Cavalry Archer |
| 22:52 | Build | University |
| 23:01 | Create | Cavalry Archer |
| 23:03 | Build | Outpost |
| 23:13 | Create | Villager (Male) |
| 23:19 | Build | Pasture |
| 23:21 | Create | Villager (Male) |
| 23:31 | Create | Villager (Male) |
| 23:45 | Create | Villager (Male) |
| 23:50 | Build | House |
| 23:54 | Create | Villager (Male) |
| 24:00 | Research | Ballistics |
| 24:00 | Research | Ballistics |
| 24:09 | Create | Cavalry Archer |
| 24:09 | Create | Cavalry Archer |
| 24:09 | Create | Villager (Male) |
| 24:27 | Build | Palisade Gate |
| 24:33 | Create | Villager (Male) |
| 24:44 | Build | Pasture |
| 24:48 | Research | Town Watch |
| 24:56 | Create | Villager (Male) |
| 24:57 | Create | Cavalry Archer |
| 24:57 | Create | Cavalry Archer |
| 25:12 | Create | Cavalry Archer |
| 25:12 | Create | Cavalry Archer |
Match timeline
| 4:08 | SaintedByArmor · first_building Barracks |
| 4:11 | SaintedByArmor · wall_segment Palisade Wall x1 |
| 4:12 | SaintedByArmor · wall_segment Palisade Wall x1 |
| 4:14 | SaintedByArmor · wall_segment Palisade Wall x1 |
| 5:57 | SaintedByArmor · wall_segment Palisade Wall x1 |
| 5:58 | SaintedByArmor · wall_segment Palisade Wall x1 |
| 5:59 | SaintedByArmor · wall_segment Palisade Wall x1 |
| 5:59 | SaintedByArmor · wall_segment Palisade Wall x1 |
| 6:00 | SaintedByArmor · wall_segment Palisade Wall x2 |
| 6:01 | SaintedByArmor · wall_segment Palisade Wall x3 |
| 6:02 | SaintedByArmor · wall_segment Palisade Wall x1 |
| 8:48 | SaintedByArmor · wall_segment Palisade Wall x1 |
| 8:49 | SaintedByArmor · wall_segment Palisade Wall x1 |
| 8:49 | SaintedByArmor · wall_segment Palisade Wall x1 |
| 8:50 | SaintedByArmor · wall_segment Palisade Wall x1 |
| 8:50 | SaintedByArmor · wall_segment Palisade Wall x1 |
| 8:52 | SaintedByArmor · wall_segment Palisade Wall x3 |
| 8:54 | SaintedByArmor · wall_segment Palisade Wall x2 |
| 9:06 | [AirBo]空氣包 · wall_segment Palisade Wall x1 |
| 9:52 | [AirBo]空氣包 · age_up feudal |
| 9:58 | SaintedByArmor · wall_segment Palisade Wall x1 |
| 9:59 | SaintedByArmor · wall_segment Palisade Wall x7 |
| 10:00 | [AirBo]空氣包 · first_building Barracks |
| 10:09 | SaintedByArmor · wall_segment Palisade Wall x3 |
| 10:15 | SaintedByArmor · wall_segment Palisade Wall x1 |
| 10:17 | SaintedByArmor · wall_segment Palisade Wall x16 |
| 10:24 | SaintedByArmor · wall_segment Palisade Wall x5 |
| 10:31 | SaintedByArmor · wall_segment Palisade Wall x3 |
| 10:36 | SaintedByArmor · wall_segment Palisade Wall x4 |
| 10:51 | [AirBo]空氣包 · first_building Stable |
| 10:55 | SaintedByArmor · wall_segment Palisade Wall x1 |
| 11:46 | [AirBo]空氣包 · wall_segment Palisade Wall x8 |
| 12:07 | [AirBo]空氣包 · wall_segment Palisade Wall x2 |
| 12:10 | [AirBo]空氣包 · wall_segment Palisade Wall x3 |
| 12:11 | SaintedByArmor · age_up feudal |
| 12:45 | SaintedByArmor · wall_segment Palisade Wall x1 |
| 12:47 | [AirBo]空氣包 · wall_segment Palisade Wall x6 |
| 12:49 | SaintedByArmor · wall_segment Palisade Wall x1 |
| 13:51 | [AirBo]空氣包 · wall_segment Palisade Wall x4 |
| 13:53 | [AirBo]空氣包 · wall_segment Palisade Wall x5 |
| 15:21 | SaintedByArmor · first_market_buy 100 food |
| 15:40 | [AirBo]空氣包 · wall_segment Palisade Wall x1 |
| 16:25 | SaintedByArmor · first_building Stable |
| 17:39 | [AirBo]空氣包 · first_building Archery Range |
| 17:51 | [AirBo]空氣包 · wall_segment Palisade Wall x1 |
| 17:51 | [AirBo]空氣包 · wall_segment Palisade Wall x1 |
| 17:52 | [AirBo]空氣包 · wall_segment Palisade Wall x1 |
| 18:01 | SaintedByArmor · first_market_sell 100 wood |
| 18:02 | SaintedByArmor · age_up castle |
| 20:37 | [AirBo]空氣包 · age_up castle |
| 22:22 | SaintedByArmor · first_building Siege Workshop |
| 24:58 | SaintedByArmor · first_building Monastery |
| 31:07 | [AirBo]空氣包 · first_building Siege Workshop |
| 31:17 | [AirBo]空氣包 · wall_segment Stone Wall x1 |
| 31:35 | [AirBo]空氣包 · wall_segment Stone Wall x1 |
| 31:37 | [AirBo]空氣包 · wall_segment Stone Wall x1 |
| 33:17 | SaintedByArmor · resign |
[ AI ANALYSIS · 1 CREDIT ]
What really happened in this match?
Wolo.gg analyzes every decision: build order, eco, micro, common mistakes by bracket. Personalized analysis on WhatsApp or Discord in 30 seconds.
Civ guide
Mongols
Perfil
Jugador #13797156